 Dungeon Crawl Stone Soup version 0.21.0-25-ge575cb9 (webtiles) character file.

308 tidbits the Ducker (level 6, -1/53 HPs)
             Began as a Gnoll Monk on Jan 26, 2018.
             Slain by an ogre
             ... wielding a +0 giant spiked club
              (25 damage)
             ... on level 4 of the Dungeon.
             The game lasted 00:06:56 (780 turns).

tidbits the Ducker (Gnoll Monk)                      Turns: 780, Time: 00:06:57

Health: -1/53      AC:  3    Str: 18    XL:     6   Next: 40%
Magic:  17/17      EV: 17    Int: 14    God:
Gold:   158        SH:  0    Dex: 18    Spells: 8/8 levels left

rFire    . . .     SeeInvis .   d - +0 dagger
rCold    . . .     Gourm    .   (no shield)
rNeg     . . .     Faith    .   B - +0 robe
rPois    .         Spirit   .   (no helmet)
rElec    .         Reflect  .   (no cloak)
rCorr    +         Harm     .   G - +0 pair of gloves
MR       .....                  (no boots)
Stlth    +++.......             (no amulet)
HPRegen  0.17/turn              m - ring of magical power
MPRegen  0.15/turn              n - ring of resist corrosion

@: mighty
A: distributed training, fangs 1, strong nose
a: no special abilities


You were on level 4 of the Dungeon.
You were not hungry.

You visited 1 branch of the dungeon, and saw 4 of its levels.

You collected 158 gold pieces.

Inventory:

Hand Weapons
 a - a +0 short sword
 d - a +0 dagger (weapon)
 h - a +1 flail of holy wrath
   (You took it off Edmund on level 4 of the Dungeon)
Missiles
 e - 51 arrows
 g - 20 poisoned needles
Armour
 B - a +0 robe (worn)
 G - a +0 pair of gloves (worn)
Jewellery
 m - a ring of magical power (left hand)
   (You found it on level 3 of the Dungeon)
 n - a ring of resist corrosion (right hand)
   (You found it on level 3 of the Dungeon)
Scrolls
 k - 3 scrolls of remove curse
 l - 2 scrolls of teleportation
Potions
 b - a potion of might
 o - a potion of curing {unknown}
 p - a potion of agility {unknown}
Comestibles
 c - 3 rations


   Skills:
 + Level 6.8 Fighting
 + Level 6.8 Short Blades
 + Level 1.9 Long Blades
 + Level 1.9 Axes
 + Level 1.9 Maces & Flails
 + Level 1.9 Polearms
 + Level 1.9 Staves
 + Level 1.9 Slings
 + Level 1.9 Bows
 + Level 1.9 Crossbows
 + Level 1.9 Throwing
 + Level 1.9 Armour
 + Level 6.8 Dodging
 + Level 4.6 Stealth
 + Level 1.9 Shields
 + Level 1.9 Unarmed Combat
 + Level 1.9 Spellcasting
 + Level 1.5 Conjurations
 + Level 1.5 Hexes
 + Level 1.5 Charms
 + Level 1.5 Summonings
 + Level 1.5 Necromancy
 + Level 1.5 Translocations
 + Level 1.5 Transmutations
 + Level 1.5 Fire Magic
 + Level 1.5 Ice Magic
 + Level 1.5 Air Magic
 + Level 1.5 Earth Magic
 + Level 1.5 Poison Magic
 + Level 2.1 Invocations
 + Level 1.9 Evocations


You had 8 spell levels left.
You didn't know any spells.

Dungeon Overview and Level Annotations

Branches:
Dungeon (4/15)             Temple (0/1) D:4

Altars:
Gozag
Okawaru
Qazlal
Ru
Uskayaw
Xom


Innate Abilities, Weirdness & Mutations

Your experience applies equally to all skills.
You have very sharp teeth.
Your uncanny sense of smell can sniff out nearby items.


Message History

The hobgoblin is heavily wounded.
The hobgoblin misses you.
You hit the hobgoblin.
You kill the hobgoblin!
You see here a club.
An adder comes into view.
The adder hisses angrily.
Okay, then.
Okay, then.
It was a potion of might.
You feel very mighty all of a sudden.
You hit the adder.
The adder is heavily wounded.
The adder bites you but does no damage.
You closely miss the adder.
The adder is heavily wounded.
The adder closely misses you.
You hit the adder.
The adder is severely wounded.
The adder bites you.
You puncture the adder!
You kill the adder!
A hobgoblin comes into view.
Found a robe.
A bat comes into view.
You see here 11 gold pieces.
Unknown command.
You now have 158 gold pieces (gained 11).
You see here a scroll labeled AMEXIU WIEFE.
l - 2 scrolls labeled AMEXIU WIEFE (gained 1)
There is a shaft here.
You fall through a shaft!
The shaft crumbles and collapses.
Level annotation: Edmund
Found 20 bolts.
Found a stone staircase leading up and a stone staircase leading down.
Unknown command.
The helpless Edmund fails to defend himself.
You stick Edmund like a pincushion!!!
You kill Edmund!
Your Invocations skill increases to level 2!
You have reached level 6!
Your experience leads to an increase in your attributes!
Your base attributes are Str 13, Int 13, Dex 18.
Increase (S)trength, (I)ntelligence, or (D)exterity?
You feel clever.
Press: ? - help, v - describe, . - travel, g - get item A flail of holy wrath.
There is something else lying underneath.
The floor, spattered with blood.
Reduced exclusion size to a single square.
Removed exclusion.
Things that are here:
a flail of holy wrath; a scale mail; a smoky brown potion
h - a flail of holy wrath;
p - a smoky brown potion
Found a ration.
There is a stone staircase leading down here.
As you read the scroll labeled NAQ HIESIMEI, it crumbles to dust.
It is a scroll of identify.
l - 2 scrolls of teleportation
As you read the scroll of identify, it crumbles to dust.
k - 3 scrolls of remove curse
As you read the scroll labeled CYSEKH ROLY, it crumbles to dust.
The scroll dissolves into smoke.
It was a scroll of fog.
As you read the scroll labeled HOKHLA REAXAI, it crumbles to dust.
You feel aware of your surroundings.
You sensed 1 altar.
It was a scroll of magic mapping.
An adder comes into view.
Found a staircase to the Ecumenical Temple.
The adder hisses angrily.
The adder moves out of view.
An ogre comes into view. It is wielding a giant spiked club.
The ogre shouts!
You closely miss the adder. The adder closely misses you.
You miss the adder. Your bite misses the adder. The adder closely misses you.
You puncture the adder!
The adder is almost dead.
The adder misses you.
You barely miss the adder.
The adder is almost dead.
The adder closely misses you.
You hit the adder.
You kill the adder!
You puncture the ogre!
The ogre is moderately wounded.
You hit the ogre.
The ogre is heavily wounded.
The ogre hits you with a giant spiked club!
You barely miss the ogre. You bite the ogre.
The ogre is heavily wounded.
You hit the ogre.
The ogre is heavily wounded.
The ogre hits you with a giant spiked club!
* * * LOW HITPOINT WARNING * * *
You completely miss the ogre.
The ogre is heavily wounded.
You hit the ogre. Your bite misses the ogre.
The ogre is severely wounded.
The ogre hits you with a giant spiked club!!
You die...

,,,*,*#####..§§§##
,8**,* ##.§§§§##
***,,* #.§#§§§##
,,,,** #.###§§§##
***** #.#*###§§##
* #..* ##..##
*#%,*#####..##
**,,**#.......#**
**,*** #@#####...#
**,*****#O# *####
********,*#......#
,,,,,,,,,....⌠...#
*********#.......#
#.⌠.>.⌠.#
#......## #...⌠..*
#......*


You could see an ogre.

Vanquished Creatures
  Edmund (D:4)
  A phantom (D:3)
  An iguana (D:4)
  6 adders
  An orc (D:3)
  6 goblins
  A hobgoblin (D:3)
  3 jackals (D:2)
  6 bats
  4 kobolds
  A rat (D:2)
31 creatures vanquished.

Notes
Turn   | Place    | Note
-------+----------+-------------------------------------------
     0 | D:1      | tidbits the Gnoll Monk began the quest for the Orb.
     0 | D:1      | Reached XP level 1. HP: 23/23 MP: 1/1
   167 | D:2      | Reached XP level 2. HP: 25/29 MP: 2/2
   411 | D:4      | Reached skill level 1 in Invocations
   411 | D:4      | Reached XP level 3. HP: 8/35 MP: 4/4
   427 | D:4      | Noticed Edmund
   461 | D:3      | Reached skill level 1 in Long Blades
   461 | D:3      | Reached skill level 1 in Axes
   461 | D:3      | Reached skill level 1 in Maces & Flails
   461 | D:3      | Reached skill level 1 in Polearms
   461 | D:3      | Reached skill level 1 in Staves
   461 | D:3      | Reached skill level 1 in Slings
   461 | D:3      | Reached skill level 1 in Bows
   461 | D:3      | Reached skill level 1 in Crossbows
   461 | D:3      | Reached skill level 1 in Throwing
   461 | D:3      | Reached skill level 1 in Armour
   461 | D:3      | Reached skill level 1 in Shields
   461 | D:3      | Reached skill level 1 in Unarmed Combat
   461 | D:3      | Reached skill level 1 in Spellcasting
   461 | D:3      | Reached skill level 1 in Evocations
   461 | D:3      | Reached XP level 4. HP: 10/41 MP: 5/5
   482 | D:2      | Found a sacrificial altar of Ru.
   483 | D:2      | Found an iron altar of Okawaru.
   483 | D:2      | Found an opulent altar of Gozag.
   483 | D:2      | Found a stormy altar of Qazlal.
   485 | D:2      | Found a hide-covered altar of Uskayaw.
   485 | D:2      | Found a shimmering altar of Xom.
   642 | D:3      | Noticed a phantom
   649 | D:3      | Killed a phantom
   649 | D:3      | Reached skill level 1 in Conjurations
   649 | D:3      | Reached skill level 1 in Hexes
   649 | D:3      | Reached skill level 1 in Charms
   649 | D:3      | Reached skill level 1 in Summonings
   649 | D:3      | Reached skill level 1 in Necromancy
   649 | D:3      | Reached skill level 1 in Translocations
   649 | D:3      | Reached skill level 1 in Transmutations
   649 | D:3      | Reached skill level 1 in Fire Magic
   649 | D:3      | Reached skill level 1 in Ice Magic
   649 | D:3      | Reached skill level 1 in Air Magic
   649 | D:3      | Reached skill level 1 in Earth Magic
   649 | D:3      | Reached skill level 1 in Poison Magic
   649 | D:3      | Reached XP level 5. HP: 33/47 MP: 7/7
   742 | D:3      | You fall through a shaft!
   743 | D:4      | Killed Edmund
   743 | D:4      | Reached skill level 2 in Invocations
   743 | D:4      | Reached XP level 6. HP: 49/53 MP: 8/8
   765 | D:4      | Found a staircase to the Ecumenical Temple.
   780 | D:4      | Slain by an ogre

Skill      XL: |  1  2  3  4  5 |
---------------+----------------+-----
Invocations    | 1 2 |  2.1
Long Blades    | 1 |  1.9
Axes           | 1 |  1.9
Maces & Flails | 1 |  1.9
Polearms       | 1 |  1.9
Staves         | 1 |  1.9
Slings         | 1 |  1.9
Bows           | 1 |  1.9
Crossbows      | 1 |  1.9
Throwing       | 1 |  1.9
Armour         | 1 |  1.9
Shields        | 1 |  1.9
Unarmed Combat | 1 |  1.9
Spellcasting   | 1 |  1.9
Evocations     | 1 |  1.9
Conjurations   | 1 |  1.5
Hexes          | 1 |  1.5
Charms         | 1 |  1.5
Summonings     | 1 |  1.5
Necromancy     | 1 |  1.5
Translocations | 1 |  1.5
Transmutations | 1 |  1.5
Fire Magic     | 1 |  1.5
Ice Magic      | 1 |  1.5
Air Magic      | 1 |  1.5
Earth Magic    | 1 |  1.5
Poison Magic   | 1 |  1.5
Fighting       | |  6.8
Short Blades   | |  6.8
Dodging        | |  6.8
Stealth        | |  4.6

Action                   |  1- 3 |  4- 6 || total
-------------------------+-------+-------++-------
Melee: Dagger            |    26 |    24 ||    50
       Short sword       |    59 |    19 ||    78
       Bite              |    10 |     5 ||    15
  Use: Potion            |     1 |     1 ||     2
       Scroll            |       |     4 ||     4
 Stab: Sleeping          |     2 |     8 ||    10
Armor: Robe              |    11 |     3 ||    14
Dodge: Dodged            |    51 |    23 ||    74

Table legend:
 A = Turns spent in this place as a percentage of turns spent in the entire game.
 B = Non-inter-level travel turns spent in this place as a percentage of non-inter-level travel turns spent in the entire game.
 C = Inter-level travel turns spent in this place as a percentage of turns spent in this place.
 D = Turns resting spent in this place as a percentage of non-inter-level travel turns spent in this place.
 E = Turns spent auto-exploring this place as a percentage of non-inter-level travel turns spent in this place.
 F = Non-inter-level travel turns spent in this place divided by the number of levels of this place that you've seen.
                   A       B       C       D       E      F
               +-------+-------+-------+-------+-------+----------------------
         Total | 100.0 | 100.0 |   0.0 |   0.0 |   0.0 | 195.0
       Dungeon | 100.0 | 100.0 |   0.0 |   0.0 |   0.0 | 195.0
               +-------+-------+-------+-------+-------+----------------------

Table legend:
 A = Kills in this place as a percentage of kills in entire the game.
 B = Kills by you in this place as a percentage of kills by you in the entire game.
 C = Kills by friends in this place as a percentage of kills by friends in the entire game.
 D = Other kills in this place as a percentage of other kills in the entire game.
 E = Experience gained in this place as a percentage of experience gained in the entire game.
 F = Experience gained in this place divided by the number of levels of this place that you have seen.
                   A       B       C       D       E      F
               +-------+-------+-------+-------+-------+----------------------
         Total | 100.0 | 100.0 |   N/A |   N/A | 100.0 | 110.2
       Dungeon | 100.0 | 100.0 |   N/A |   N/A | 100.0 | 110.2
               +-------+-------+-------+-------+-------+----------------------

Vault maps used:
D:1:      scummos_arrival_checkerplants, serial_curves, eino_curves_01,
          eino_curves_04
D:2:      lemuel_coloured_pillars_altar, grunt_temple_overflow_open
D:3:      yredelemnul_altar_generic
D:4:      gammafunk_temple_overflow_arena, temple_fountains, uniq_edmund
